 Dungeon Crawl Stone Soup version 0.29-a0-541-gaf1fc19f1b (webtiles) character file.

Game seed: 3619100999287214250

11 Sobieck the Grave Robber (level 2, 0/15 HPs)
             Began as a Deep Elf Necromancer on June 2, 2022.
             Slain by a gnoll
             ... wielding a +0 flail
              (4 damage)
             ... on level 1 of the Dungeon.
             The game lasted 00:02:50 (948 turns).

Sobieck the Grave Robber (Deep Elf Necromancer)      Turns: 948, Time: 00:02:50

Health: 0/15       AC:  3    Str:  5    XL:     2   Next: 13%
Magic:  8/8        EV: 12    Int: 19    God:
Gold:   58         SH:  0    Dex: 15    Spells: 7/8 levels left

rFire   . . .      SeeInvis .   j - +0 hunting sling {sling}
rCold   . . .      Faith    .   (no shield)
rNeg    . . .      Spirit   .   a - +0 robe
rPois   .          Reflect  .   (no helmet)
rElec   .          Harm     .   (no cloak)
rCorr   .          Rampage  .   (no gloves)
Will    .....                   m - +0 pair of boots
Stlth   ++........              (no amulet)
HPRegen 0.05/turn               (no ring)
MPRegen 0.11/turn               (no ring)

@: no status effects
A: no striking features
a: no special abilities


You were on level 1 of the Dungeon.
You visited 1 branch of the dungeon, and saw 2 of its levels.

You collected 58 gold pieces.


   Skills:
 + Level 2.6 Dodging
 + Level 2.6 Stealth
 + Level 3.8 Spellcasting
 - Level 4.8 Necromancy


You had 7 spell levels left.
You knew the following spells:

 Your Spells              Type           Power      Damage    Failure   Level
a - Necrotize             Necr           88%        1d8       1%          1

Your spell library contained the following spells:

 Spells                   Type           Power      Damage    Failure   Level
 Vampiric Draining        Necr           22%        2d7       6%          3
 Sandblast                Erth           6%         2d5       14%         1
 Animate Dead             Necr           22%        N/A       19%         4
 Ensorcelled Hibernation  Hex/Ice        6%         N/A       22%         2
 Passwall                 Tmut/Erth      2%         N/A       22%         2
 Stone Arrow              Conj/Erth      6%         3d7       38%         3
 Swiftness                Air            3%         N/A       38%         3
 Agony                    Necr           22%        N/A       47%         5

Inventory:

Hand Weapons
 g - a +0 dagger {short}
   (You took it off a kobold on level 1 of the Dungeon)
 j - a +0 hunting sling (weapon) {sling}
   (You found it on level 1 of the Dungeon)
Missiles
 l - 51 stones {throwing}
Armour
 a - a +0 robe (worn)
 m - a +0 pair of boots (worn)
   (You found it on level 1 of the Dungeon)
Scrolls
 c - a scroll of fog {unknown}
 d - a scroll of enchant weapon {unknown}
 e - a scroll of poison {unknown}
 h - 2 scrolls of identify {unknown}
 k - a scroll of amnesia {unknown}
Potions
 b - a potion of magic
 f - 2 potions of ambrosia {unknown}
 i - a potion of mutation {unknown}
 n - a potion of curing {unknown}

Dungeon Overview and Level Annotations

Branches:
Dungeon (2/15)

Altars:

Annotations:
D:2 Terence

#..............##................
##.###+#######.##.#...........#.#
8..# #..............######......#
#..# #....####..#.#...# #......#
#..# #....# #..#.#.#.# #......#
#..###....####....#.#.## #......#
8...##......##.#..#....###.####.#
##..........##.#.g#.....##.# #.#
#..###..........@g......##'####.#
...# #........................#.#
#### #....#######.#.............#
#.#### #.#...>.......### ###
#.##'#'#......# # #
#.##.#.######## # ##
#############.#.# ####### .#
#........# #.#.# #...... ##
#........# #.#.# #.#####


You could see 2 gnolls.


Message History

You shoot a sling bullet. The sling bullet hits the quokka.
You shoot a sling bullet.
The sling bullet barely misses the quokka.
You shoot a sling bullet.
The sling bullet barely misses the quokka.
You shoot a sling bullet.
The sling bullet closely misses the quokka.
The quokka bites you.
Casting: Necrotize (safe; 1% risk of failure)
Confirm with . or Enter, or press ? or * to list all spells.
You don't know that spell.
Casting: Necrotize (safe; 1% risk of failure)
Confirm with . or Enter, or press ? or * to list all spells.
Aiming: Necrotize (safe; 1% risk of failure)
Press: ? - help, Shift-Dir - straight line, f/p - quokka
Aim: a quokka (heavily wounded, chance to affect: 90%)
The quokka writhes in agony.
You kill the quokka!
The dead are hopping!
Unknown command.
You swap places.
You open the door. As you open the door, it creaks loudly!
Unknown command.
There is an open door here.
k - a scroll labelled HENUMO KAEGU You swap places.
Your quokka skeleton crumbles into dust!
There is an open door here.
l - 11 stones {throwing} You open the door.
There is an open door here.
h - 2 scrolls labelled OCHAFO HASTRUWN (gained 1)
You open the door.
There is an open door here.
You open the door.
There is an open door here.
l - 32 stones {throwing} (gained 21)
You open the door.
There is an open door here.
You see here a +0 quarterstaff {staff}.
You open the door.
There is an open door here.
You open the door.
There is an open door here.
You open the door.
Found a stone staircase leading down.
Found an escape hatch in the floor.
There is an open door here.
l - 51 stones {throwing} (gained 19)
A quokka comes into view.
Danger!
You shoot a sling bullet.
The sling bullet hits the quokka but does no damage.
You shoot a sling bullet.
The sling bullet hits the quokka but does no damage.
You shoot a sling bullet. The sling bullet hits the quokka.
Casting: Necrotize (safe; 1% risk of failure)
Confirm with . or Enter, or press ? or * to list all spells.
Aiming: Necrotize (safe; 1% risk of failure)
Press: ? - help, Shift-Dir - straight line, f/p - quokka
Aim: a quokka (almost dead, chance to affect: 90%)
The quokka writhes in agony!
You kill the quokka!
The dead are hopping!
You swap places.
m - a +0 pair of boots You start putting on your armour.
You continue putting on your +0 pair of boots. x4
You finish putting on your +0 pair of boots.
You open the door.
There is an open door here.
Your quokka skeleton crumbles into dust!
There is an open door here.
Found a faded altar of an unknown god.
Unknown command.
There is a faded altar of an unknown god here.
n - a black potion Done exploring.
Done exploring.
There is an abandoned shop here.
There is a dry fountain here.
You open the door.
There is an open door here.
There is an escape hatch in the floor here.
There is a stone staircase leading down here.
You climb downwards.
The adder hisses angrily.
The gnoll shouts! x3
Found 19 gold pieces.
Found a stone staircase leading up.
There is a stone staircase leading up here.
Danger!
Unknown command.
The gnoll hits you with a +0 flail!
Ouch! That really hurt!
* * * LOW HITPOINT WARNING * * *
The gnoll completely misses you. The gnoll hits you but does no damage.
You climb upwards.
There is a stone staircase leading down here.
The gnoll hits you with a +0 flail.
You die...

Action                   || total
-------------------------++-------
 Fire: Hunting sling     ||     7
 Cast: Necrotize         ||    14
Armor: Robe              ||     1
Dodge: Dodged            ||     1

Levels and vault maps discovered:
D:1:      scummos_arrival_simple_crosswalls, layout_basic,
          ebering_ecumenical_altar_abandoned, minmay_misc_feat_nine_boxes,
          minmay_misc_feat_chi
D:2:      layout_loops_corners, kennysheep_nub, uniq_crazy_yiuf_cottage,
          uniq_terence

Notes
Turn   | Place    | Note
-------+----------+-------------------------------------------
     0 | D:1      | Sobieck the Deep Elf Necromancer began the quest for the
                  | Orb.
     0 | D:1      | Reached XP level 1. HP: 10/10 MP: 6/6
    12 | D:1      | You pick up a book of Burglary and begin reading...
    12 | D:1      | You add the spells Passwall, Ensorcelled Hibernation and
                  | Swiftness to your library.
   295 | D:1      | You pick up a book of Geomancy and begin reading...
   295 | D:1      | You add the spells Sandblast and Stone Arrow to your
                  | library.
   407 | D:1      | Reached XP level 2. HP: 15/15 MP: 5/8
   866 | D:1      | Found a faded altar of an unknown god.
   946 | D:2      | Noticed Terence
   948 | D:1      | Slain by a gnoll

Vanquished Creatures
  A goblin (D:1)
  A kobold (D:1)
  5 quokkas (D:1)
  2 rats (D:1)
9 creatures vanquished.

Table legend:
 A = Non-vault XP
 B = Vault XP
 C = Vault XP percentage of total XP
 D = Non-vault monster count
 E = Vault monster count
 F = Vault count percentage of total count
                 A         B        C        D         E       F
            +---------+---------+-------+---------+---------+-------
      Total |      16 |       0 |   0.0 |       9 |       0 |   0.0
            +---------+---------+-------+---------+---------+-------
        D:1 |      16 |       0 |   0.0 |       9 |       0 |   0.0
            +---------+---------+-------+---------+---------+-------

Illustrated notes

Table legend:
 A = Kills in this place as a percentage of kills in entire the game.
 B = Kills by you in this place as a percentage of kills by you in the entire game.
 C = Kills by friends in this place as a percentage of kills by friends in the entire game.
 D = Other kills in this place as a percentage of other kills in the entire game.
 E = Experience gained in this place as a percentage of experience gained in the entire game.
 F = Experience gained in this place divided by the number of levels of this place that you have seen.
                   A       B       C       D       E      F
               +-------+-------+-------+-------+-------+----------------------
         Total | 100.0 | 100.0 |   N/A |   N/A | 100.0 |   8.0
       Dungeon | 100.0 | 100.0 |   N/A |   N/A | 100.0 |   8.0
               +-------+-------+-------+-------+-------+----------------------

Table legend: (Time is in decaauts)
 A = Elapsed time spent in this place.
 B = Non-inter-level travel time spent in this place.
 C = Inter-level travel time spent in this place.
 D = Time resting spent in this place.
 E = Time spent auto-exploring this place.
 F = Levels seen in this place.
 G = Mean time per level.
                   A        B        C        D        E       F      G
               +--------+--------+--------+--------+--------+-----+--------+
         Total |    950 |    907 |     43 |      0 |    820 |   2 |  475.0 |
       Dungeon |    950 |    907 |     43 |      0 |    820 |   2 |  475.0 |
               +--------+--------+--------+--------+--------+-----+--------+

Top non-repeatable levels by time:
     D:1: 949 daAuts
     D:2: 1 daAuts
